 Dungeon Crawl Stone Soup version 0.28-a0-1616-g050a50673c (webtiles) character file.

Game seed: 6636996895870712315

245 southernslant the Skirmisher (level 5, 0/41 HPs)
             Began as a Demonspawn Fighter on Jan 23, 2022.
             Succumbed to a scorpion's poison
             ... on level 4 of the Dungeon.
             The game lasted 00:06:19 (3772 turns).

southernslant the Skirmisher (Demonspawn Fighter)   Turns: 3772, Time: 00:06:19

Health: 0/41       AC: 10    Str: 19    XL:     5   Next: 84%
Magic:  3/5        EV: 10    Int:  9    God:
Gold:   115        SH:  4    Dex: 12    Spells: 4/4 levels left

rFire   + . .      SeeInvis .   a - +0 trident
rCold   + . .      Faith    .   c - +0 buckler
rNeg    . . .      Spirit   +   b - +0 scale mail
rPois   +          Reflect  .   (helmet restricted)
rElec   +          Harm     .   g - +1 cloak
rCorr   +          Rampage  .   f - +0 pair of gloves
Will    .....                   (no boots)
Stlth   ..........              (no amulet)
HPRegen 0.13/turn               (no ring)
MPRegen 0.18/turn               (no ring)

@: mighty, lethally poisoned (0 -> -2), resistant
A: antennae 1, magic shield, magic regeneration
a: no special abilities


You were on level 4 of the Dungeon.
You visited 1 branch of the dungeon, and saw 4 of its levels.

You collected 115 gold pieces.

Inventory:

Hand Weapons
 a - a +0 trident (weapon)
Missiles
 e - 62 stones
 l - 5 boomerangs (quivered)
Armour
 b - a +0 scale mail (worn)
 c - a +0 buckler (worn)
 f - a +0 pair of gloves (worn)
 g - a +1 cloak (worn)
Magical Staves
 q - a staff of air
Scrolls
 h - 2 scrolls of blinking {unknown}
 j - 2 scrolls of identify {unknown}
 k - a scroll of noise {unknown}
 m - a scroll of magic mapping {unknown}
 n - a scroll of immolation {unknown}
 o - a scroll of teleportation {unknown}
 p - 2 scrolls of silence {unknown}


   Skills:
 + Level 3.5 Fighting
 * Level 3.0 Polearms
 + Level 1.6 Throwing
 + Level 3.3 Armour
 * Level 2.1 Dodging
 + Level 1.0 Stealth
 * Level 3.3 Shields


You had 4 spell levels left.
You didn't know any spells.
Your spell library was empty.

Dungeon Overview and Level Annotations

Branches:
Dungeon (4/15)
 Temple: D:4-7

Altars:
Nemelex Xobeh
Ru

Shops:
D:2 [

Annotations:
D:3 2 transporters


Innate Abilities, Weirdness & Mutations

You have a pair of small antennae on your head.
When hurt, damage is shared between your health and your magic reserves.
You regenerate magic rapidly.


Message History

The scorpion stings you.
You barely miss the scorpion.
The scorpion is moderately wounded.
You feel very sick. The scorpion stings you.
You are more poisoned.
The scorpion poisons you! The scorpion misses you.
You closely miss the scorpion.
The scorpion is moderately wounded.
You feel very sick. The scorpion stings you.
* * * LOW HITPOINT WARNING * * *
You block the scorpion's attack.
You puncture the scorpion!
The scorpion is severely wounded.
* * * LOW HITPOINT WARNING * * *
You feel very sick.
The scorpion stings you but does no damage.
You barely miss the scorpion.
The scorpion is severely wounded.
* * * LOW HITPOINT WARNING * * *
You feel very sick. The scorpion stings you.
* * * LOW HITPOINT WARNING * * *
The scorpion completely misses you.
It was a potion of resistance.
You feel protected.
* * * LOW HITPOINT WARNING * * *
You feel sick.
The scorpion stings you but does no damage.
You feel very mighty all of a sudden.
* * * LOW HITPOINT WARNING * * *
You feel sick. You block the scorpion's attack.
You barely miss the scorpion.
The scorpion is severely wounded.
* * * LOW HITPOINT WARNING * * *
You feel sick. The scorpion stings you.
You closely miss the scorpion.
The scorpion is severely wounded.
You die...

...... #.....
#....#############
#....#.....gs@...#
#....#...##'####.#
#....#...#...g.#
####....#...#...s.)......
........#...#............
####....#...#............
#....#...#............
#....#...#.......#....
#....#...#....[#.#....


You could see a scorpion and a hobgoblin.

Vanquished Creatures
  A black bear (D:4)
  A hound skeleton (D:4)
  2 adders
  3 gnolls (D:3)
  3 worms
  3 dart slugs
  10 orcs
  5 ball pythons
  8 endoplasms
  4 giant cockroaches
  4 goblins
  5 hobgoblins
  3 jackals (D:3)
  7 bats
  5 kobolds
  6 rats
70 creatures vanquished.

Vanquished Creatures (others)
  4 plants (D:1)
4 creatures vanquished.

Grand Total: 74 creatures vanquished

Notes
Turn   | Place    | Note
-------+----------+-------------------------------------------
     0 | D:1      | southernslant the Demonspawn Fighter began the quest for
                  | the Orb.
     0 | D:1      | Reached XP level 1. HP: 18/18 MP: 1/1
   311 | D:1      | Gained mutation: You regenerate magic rapidly. [demonic
                  | ancestry]
   311 | D:1      | Reached XP level 2. HP: 24/24 MP: 2/2
   766 | D:1      | Found a faded altar of an unknown god.
   853 | D:1      | Reached skill level 1 in Dodging
  1034 | D:2      | Gained mutation: You have a pair of small antennae on your
                  | head. [demonic ancestry]
  1034 | D:2      | Reached XP level 3. HP: 18/29 MP: 3/3
  1621 | D:2      | Found Meopn's Armour Boutique.
  2284 | D:3      | Reached skill level 1 in Throwing
  2309 | D:3      | Gained mutation: When hurt, damage is shared between your
                  | health and your magic reserves. [demonic ancestry]
  2309 | D:3      | Reached XP level 4. HP: 19/35 MP: 4/4
  2583 | D:3      | Found a sacrificial altar of Ru.
  2924 | D:3      | Found a transporter.
  2962 | D:3      | Found a transporter.
  3126 | D:3      | Found a sparkling altar of Nemelex Xobeh.
  3541 | D:4      | Noticed a black bear
  3550 | D:4      | Killed a black bear
  3551 | D:4      | Reached XP level 5. HP: 25/41 MP: 2/5
  3723 | D:4      | Reached skill level 1 in Stealth
  3771 | D:4      | HP: 1/41 [poisoned by a scorpion]
  3772 | D:4      | Succumbed to a scorpion's poison

Illustrated notes

Levels and vault maps discovered:
D:1:      minmay_arrival_diagonal_passages, layout_rooms,
          chequers_ecumenical_altar_lobes, serial_bayou_lake_a
D:2:      layout_loops_corners, serial_shops, nicolae_shop_trees
D:3:      gammafunk_steamed_eel, layout_loops_ring,
          mainiacjoe_overflow_concentric_impassable, lemuel_round_altar,
          grunt_ministairs_6, hex_tiny, nicolae_underground_beach
D:4:      layout_basic, nicolae_overflow_hidden_temple, serial_shops,
          nicolae_shop_statue_plus, uniq_sigmund

Skill      XL: |  1  2  3  4  5 |
---------------+----------------+-----
Polearms       | 2 3 |  3.0
Dodging        | 1 2 |  2.1
Armour         | 3 |  3.3
Throwing       | 1 |  1.6
Shields        | 3 |  3.3
Stealth        | 1 |  1.0
Fighting       | |  3.5

Action                   |  1- 3 |  4- 6 || total
-------------------------+-------+-------++-------
Melee: Trident           |   165 |   117 ||   282
Throw: Boomerang         |     1 |    14 ||    15
  Use: Potion            |       |     3 ||     3
Armor: Scale mail        |    72 |    72 ||   144
Dodge: Dodged            |    52 |    50 ||   102
Block: Buckler           |    19 |    27 ||    46

Table legend: (Time is in decaauts)
 A = Elapsed time spent in this place.
 B = Non-inter-level travel time spent in this place.
 C = Inter-level travel time spent in this place.
 D = Time resting spent in this place.
 E = Time spent auto-exploring this place.
 F = Levels seen in this place.
 G = Mean time per level.
                   A        B        C        D        E       F      G
               +--------+--------+--------+--------+--------+-----+--------+
         Total |   3883 |   3797 |     86 |      0 |   3084 |   4 |  970.8 |
       Dungeon |   3883 |   3797 |     86 |      0 |   3084 |   4 |  970.8 |
               +--------+--------+--------+--------+--------+-----+--------+

Top non-repeatable levels by time:
     D:3: 1384 daAuts
     D:2: 1279 daAuts
     D:1: 979 daAuts
     D:4: 239 daAuts
